 Dungeon Crawl Stone Soup version 0.31-a0-459-gc8a9bf3d51 (webtiles) character file.

Game seed: 13537966529298690142

37 GordonOverkill the Sneak (level 3, -3/26 HPs)
             Began as an Octopode Delver on Aug 4, 2023.
             Slain by an adder (4 damage)
             ... on level 5 of the Dungeon.
             The game lasted 00:01:59 (98 turns).

GordonOverkill the Sneak (Octopode Delver)            Turns: 98, Time: 00:02:00

Health: -3/26      AC:  1    Str: 11    XL:     3   Next: 39%
Magic:  3/3        EV: 13    Int: 14    God:
Gold:   14         SH:  0    Dex: 13    Spells: 2/2 levels left

rFire   . . .        a - +0 short sword
rCold   . . .        (no shield)
rNeg    . . .        (helmet restricted)
rPois   .            (no amulet)
rElec   .            (no ring)
rCorr   .            (no ring)
SInv    .            (no ring)
Will    .....        (no ring)
Stlth   ++++         (no ring)
HPRegen 0.24/turn    (no ring)
MPRegen 0.08/turn    (no ring)
                     (no ring)

%: no passive effects
@: marked
A: almost no armour, amphibious, 8 rings, camouflage 1, gelatinous body 1,
(nimble swimmer 1), tentacles
a: no special abilities


You were on level 5 of the Dungeon.
You visited 1 branch of the dungeon, and saw 1 of its levels.

You collected 14 gold pieces.

Inventory:

Hand Weapons
 a - a +0 short sword (weapon)
Wands
 f - a wand of digging (3)
Scrolls
 b - a scroll of fog
 c - a scroll of revelation
 i - a scroll of silence {unknown}
Potions
 e - a potion of haste
 g - a potion of heal wounds {unknown}
 h - a potion of ambrosia {unknown}


   Skills:
 - Level 3.1 Fighting
 + Level 3.4 Short Blades
 - Level 2.1 Dodging
 - Level 6.7 Stealth


You had 2 spell levels left.
You didn't know any spells.
Your spell library was empty.

Dungeon Overview and Level Annotations

Branches:
Dungeon (5/15)
 Temple: D:4-7

Altars:

Annotations:
D:5 1 runed translucent door, Crazy Yiuf


Innate Abilities, Weirdness & Mutations

You cannot wear most types of armour.
You are amphibious.
You can wear up to eight rings at the same time.
Your skin changes colour to match your surroundings (Stealth+).
Your rubbery body absorbs attacks. (AC +1, EV +1)
((You are camouflaged when in or above water. (Stealth+)))
You have tentacles for arms and can constrict up to eight enemies at once.


Message History

The white imp is moderately wounded.
You constrict the white imp, but do no damage.
The white imp hits you. The white imp freezes you.
* * * LOW HITPOINT WARNING * * *
You hit the white imp but do no damage.
The white imp is moderately wounded.
You constrict the white imp.
An adder comes into view.
The white imp barely misses you.
You hit the white imp.
The white imp is heavily wounded.
You constrict the white imp. The white imp gestures at you.
The puff of frost hits you.
* * * LOW HITPOINT WARNING * * *
An orc priest comes into view. It is wielding a +0 club.
You hit the white imp but do no damage. You squeeze the white imp.
You kill the white imp!
Unknown command.
As you read the scroll of fear, it crumbles to dust.
You assume a fearsome visage.
The orc priest looks frightened!
The orc looks frightened! x2
Cornered, the orc turns to fight!
An orc wizard comes into view. It is wielding a +0 dagger.
A giant cockroach comes into view.
You hit the adder but do no damage. Your grab misses the adder.
Your squeeze misses the adder.
The orc wizard points at you and mumbles some strange words.
The puff of flame hits you!
* * * LOW HITPOINT WARNING * * *
The adder closely misses you.
You hit the adder but do no damage. Your grab misses the adder.
Your squeeze misses the adder.
The orc wizard casts a spell.
The orc wizard flickers and vanishes!
Deactivating autopickup; reactivate with Ctrl-A.
The adder bites you but does no damage.
You hit the adder but do no damage. Your grab misses the adder.
Your squeeze misses the adder. The adder bites you.
You die...

..###.# #..# .## ##.###..#
B## #.####.......# . .{.##
##.......####.#.. #...
#...####.####....
#....##... #.#.....## ....
....#...# ###...#..## ....
###.o.#.###....##..#
.....###.. #@#.#..[#.###..#
.....#.o.###S....###.###..#
....o..#.[.o...####...##..#
..o....#o###.### #....####
##.o..#o###...# ##..##
#...o55..##...# ♣.P.P♣
#..#####..#...# ♣♣PP.♣
####..# ♣♣.♣♣ #..# ♣♣.♣


You could see an adder, 2 orcs and a giant cockroach.

Vanquished Creatures
  An orc wizard (D:5)
  A white imp (D:5)
  An ufetubus (D:5)
3 creatures vanquished.

Notes
Turn   | Place    | Note
-------+----------+-------------------------------------------
     0 | D:5      | GordonOverkill the Octopode Delver began the quest for the
                  | Orb.
     0 | D:5      | Reached XP level 1. HP: 16/16 MP: 1/1
    32 | D:5      | Found a runed translucent door.
    33 | D:5      | Noticed Crazy Yiuf
    79 | D:5      | Noticed an orc wizard
    86 | D:5      | Killed an orc wizard
    87 | D:5      | Reached XP level 2. HP: 14/21 MP: 2/2
    87 | D:5      | Reached XP level 3. HP: 17/26 MP: 3/3
    96 | D:5      | HP: 1/26 [orc wizard/puff of flame (10)]
    98 | D:5      | Slain by an adder

Illustrated notes

Levels and vault maps discovered:
D:5:      layout_rooms, tgw_kikubaaqudgha, minmay_temple_entry_proselytizer,
          cheibrodos_sewer_entry_drain, uniq_crazy_yiuf_cottage

Skill      XL: |  1 |
---------------+----+-----
Short Blades   | 3 |  3.4
Fighting       | |  3.1
Dodging        | |  2.1
Stealth        | |  6.7

Action                     || total
---------------------------++-------
  Melee: Short sword       ||    11
         Tentacles         ||     3
         Constrict         ||     2
    Use: Scroll            ||     1
   Stab: Sleeping          ||     1
 Armour: Skin              ||     2
  Dodge: Dodged            ||     2

Table legend: (Time is in decaauts)
 A = Elapsed time spent in this place.
 B = Non-inter-level travel time spent in this place.
 C = Inter-level travel time spent in this place.
 D = Time resting spent in this place.
 E = Time spent auto-exploring this place.
 F = Levels seen in this place.
 G = Mean time per level.
                   A        B        C        D        E       F      G
               +--------+--------+--------+--------+--------+-----+--------+
         Total |     96 |     96 |      0 |      0 |      0 |   1 |   96.0 |
       Dungeon |     96 |     96 |      0 |      0 |      0 |   1 |   96.0 |
               +--------+--------+--------+--------+--------+-----+--------+

Top non-repeatable levels by time:
     D:5: 96 daAuts
